 Dungeon Crawl Stone Soup version 0.21.1-1-g345015f (webtiles) character file.

220 prawnwizard the Insei (level 5, -4/33 HPs)
             Began as an Octopode Transmuter on July 22, 2018.
             Was an Initiate of Okawaru.
             Slain by an orc
             ... wielding a +0 flail
              (9 damage)
             ... on level 4 of the Dungeon.
             The game lasted 00:05:42 (3312 turns).

prawnwizard the Insei (Octopode Transmuter)         Turns: 3312, Time: 00:05:43

Health: -4/33      AC:  1    Str:  9    XL:     5   Next: 97%
Magic:  17/18      EV: 13    Int: 15    God:    Okawaru [......]
Gold:   243        SH:  0    Dex: 14    Spells: 4/10 levels left

rFire    x . .     SeeInvis .     - Unarmed
rCold    + . .     Gourm    .   (no shield)
rNeg     . . .     Faith    .   (helmet restricted)
rPois    .         Spirit   .   (no amulet)
rElec    .         Reflect  .   d - ring of magical power
rCorr    .         Harm     .   f - ring of ice
MR       .....                  (no ring)
Stlth    ++........             (no ring)
HPRegen  0.11/turn              (no ring)
MPRegen  0.16/turn              (no ring)
                                (no ring)
                                (no ring)

@: appendage, drained
A: almost no armour, stealthy swim, amphibious, 8 rings, constrict 8, tentacle
spike 3, camouflage 1, gelatinous body 1
a: End Transformation, Renounce Religion


You were on level 4 of the Dungeon.
You worshipped Okawaru.
Okawaru was noncommittal.
You were not hungry.
One of your tentacles had a temporary spike.
You visited 1 branch of the dungeon, and saw 4 of its levels.

You collected 243 gold pieces.

Inventory:

Missiles
 a - 73 arrows
Jewellery
 d - a ring of magical power (left tentacle)
 f - a ring of ice (right tentacle)
 o - an uncursed amulet of harm
Scrolls
 i - a scroll of enchant armour {unknown}
 j - 4 scrolls of teleportation {unknown}
 k - a scroll of remove curse {unknown}
 l - 2 scrolls of enchant weapon {unknown}
 m - 3 scrolls of identify {unknown}
 n - a scroll of fear {unknown}
Potions
 e - a potion of flight {unknown}
 g - a potion of resistance {unknown}
 h - 3 potions of curing {unknown}
 q - a potion of invisibility {unknown}
 r - 2 potions of brilliance {unknown}
 s - a potion of heal wounds {unknown}
Books
 b - a book of Changes

   Spells                             Type                      Level
   a - Beastly Appendage              Transmutation                1
   b - Sticks to Snakes               Transmutation                2
   c - Spider Form                    Transmutation/Poison         3
   d - Ice Form                       Ice/Transmutation            4
   e - Blade Hands                    Transmutation                5
Comestibles
 c - 3 rations
 p - 3 chunks of flesh


   Skills:
 - Level 1.0(0.1) Fighting
 + Level 3.1(2.2) Dodging
 * Level 4.6(3.6) Unarmed Combat
 + Level 3.0(2.1) Spellcasting
 + Level 3.2(2.2) Transmutations


You had 4 spell levels left.
You knew the following spells:

 Your Spells              Type           Power        Failure   Level  Hunger
a - Beastly Appendage     Tmut           #.....       9%          1    #......
b - Sticks to Snakes      Tmut           #.......     13%         2    ###....
c - Spider Form           Tmut/Pois      #.........   38%         3    ###....


Dungeon Overview and Level Annotations

Branches:
Dungeon (4/15)
 Temple: D:4-7

Altars:
Fedhas
Kikubaaqudgha
Okawaru
Ru

Annotations:
D:3 Sigmund, Terence


Innate Abilities, Weirdness & Mutations

You cannot wear most types of armour.
You are very stealthy in the water. (Stealth+)
You are amphibious.
You can wear up to eight rings at the same time.
You can use your tentacles to constrict eight enemies at once.
Your skin changes colour to match your surroundings (Stealth+).
Your rubbery body absorbs attacks. (AC +1, EV +1)
One of your tentacles bears a large vicious spike.


Message History

A worm comes into view.
You completely miss the orc wizard. Your grab misses the orc wizard.
The orc wizard is moderately wounded.
The orc wizard looks encouraged for a moment.
The orc wizard points at you and mumbles some strange words.
The puff of flame hits you! The fire burns you terribly!
You barely miss the orc wizard. You grab the orc wizard.
You pierce the orc wizard.
You squeeze the orc wizard.
The orc wizard is severely wounded.
You constrict the orc wizard, but do no damage.
The orc barely misses you. The orc wizard closely misses you.
You tentacle-slap the orc wizard.
You kill the orc wizard!
Okawaru accepts your kill.
Your base Spellcasting skill increases to level 3!
The orc wizard gestures at you while chanting.
The magic dart hits you!
* * * LOW HITPOINT WARNING * * *
The orc hits you with a flail!
You die...

#### #.. .........
####.## #w....#..
#.....# #.....o#
#.....###...#..
###.....##.....#.(
#.......##..#...#
#.##.#.###..)#..#
#.#...†.@o.#
#.######..#...#
#..=...#.#.....#
#......#........
#........#.....#
##.$...)..#...#.
##.####...###..
#........# ..
#...###.#...


You could see a worm, an orc wizard and an orc.

Vanquished Creatures
  3 orc wizards
  3 adders (D:2)
  An ooze (D:2)
  A worm (D:2)
  2 dart slugs (D:1)
  5 leopard geckos
  5 orcs
  14 bats
  4 giant cockroaches
  10 goblins
  9 hobgoblins
  3 quokkas
  2 ball pythons
  5 frilled lizards
  8 kobolds
  12 rats
  A withered plant (D:2)
88 creatures vanquished.

Notes
Turn   | Place    | Note
-------+----------+-------------------------------------------
     0 | D:1      | prawnwizard the Octopode Transmuter began the quest for the Orb.
     0 | D:1      | Reached XP level 1. HP: 13/13 MP: 3/3
   173 | D:1      | Reached XP level 2. HP: 17/18 MP: 5/5
   775 | D:1      | Reached XP level 3. HP: 23/23 MP: 6/6
  1492 | D:2      | Reached XP level 4. HP: 12/28 MP: 7/7
  2116 | D:2      | Reached skill level 4 in Unarmed Combat
  2443 | D:2      | Found an ancient bone altar of Kikubaaqudgha.
  2445 | D:2      | Found a blossoming altar of Fedhas.
  2675 | D:3      | Found a sacrificial altar of Ru.
  2682 | D:3      | Reached XP level 5. HP: 28/33 MP: 9/9
  2965 | D:3      | Noticed Terence
  2974 | D:3      | Learned a level 2 spell: Sticks to Snakes
  2978 | D:3      | Learned a level 3 spell: Spider Form
  3002 | D:3      | Found an iron altar of Okawaru.
  3013 | D:3      | Became a worshipper of Warmaster Okawaru
  3227 | D:3      | Noticed Sigmund
  3312 | D:4      | Slain by an orc

Skill      XL: |  1  2  3  4  5 |
---------------+----------------+-----
Unarmed Combat | 4 |  4.6
Dodging        | 3 |  3.1
Transmutations | 3 |  3.2
Spellcasting   | 3 |  3.0
Fighting       | |  1.0

Action                   |  1- 3 |  4- 6 || total
-------------------------+-------+-------++-------
Melee: Unarmed           |    83 |   155 ||   238
       Constrict         |    26 |    38 ||    64
       Tentacles         |    19 |    29 ||    48
       Punch             |     1 |     7 ||     8
       Kick              |     3 |     9 ||    12
 Cast: Beastly Appendage |     2 |     8 ||    10
 Stab: Sleeping          |    12 |     4 ||    16
       Paralysed         |       |     3 ||     3
  Eat: Chunk             |     2 |     6 ||     8
Armor: Skin              |     7 |    11 ||    18
Dodge: Dodged            |    58 |    85 ||   143
